Map: 에버 드림 - 래더

Players

GunGFuBanDa

  • Race: Protoss Protoss
  • Spawn Location: 1:00

Solar - Winner!

  • Race: Zerg Zerg
  • Spawn Location: 7:00

Event: StayAtHomestory Cup #2

VOD

Have the link to the VOD?

Description

Time

  • Played on: June 11, 2020, 1:21 p.m.
  • Length: 6:04

All games in this series

Show
View Real Time Build Order
Export as new Build Order

GunGFuBanDa Protoss 

Build Orders: 1 Gate Expand 

Get SALT Encoding   

  12  0:00  Probe  
  13  0:12  Probe  
  14  0:17  Pylon  
  14  0:23  Probe  
  15  0:31  Probe  
  16  0:38  Gateway  
  16  0:39  Probe  
  16  0:46  Assimilator  
  17  0:51  Probe  
  18  1:03  Probe  
  19  1:19  Nexus  
  19  1:28  Probe  
  19  1:29  Cybernetics Core  
  20  1:37  Probe, Assimilator  
  20  1:46  Pylon  
  21  1:47  Probe  
  22  1:56  Adept  
  22  1:59  Probe  
  23  2:06  Warp Gate  
  25  2:11  Probe  
  25  2:15  Robotics Facility  
  26  2:17  Stalker  
  26  2:23  Probe  
  29  2:32  Probe  
  29  2:35  Probe  
  31  2:44  Probe  
  32  2:45  Sentry  
  32  2:47  Probe  
  35  2:56  Probe  
  36  2:59  Probe  
  36  3:02  Warp Prism  
  39  3:07  Probe  
  39  3:08  Gateway  
  39  3:11  Probe  
  41  3:15  Probe  
  41  3:18  Pylon  
  42  3:23  Probe  
  42  3:24  Probe  
  44  3:36  Probe x2  
  44  3:40  Observer  
  47  3:44  Assimilator  
  47  3:47  Assimilator  
  47  3:48  Probe x2  
  49  3:59  Stargate  
  49  4:00  Probe x2  
  49  4:02  Stargate  
  51  4:06  Pylon  
  51  4:12  Probe x2  
  51  4:13  Pylon  
  53  4:24  Probe x2  
  53  4:25  Pylon  
  53  4:26  Stalker  
  53  4:27  Stalker  
  53  4:29  Pylon  
  59  4:35  Phoenix  
  59  4:36  Probe  
  59  4:37  Phoenix, Pylon  
  60  4:39  Pylon  
  64  4:57  Probe x2, Phoenix  
  66  5:01  Phoenix  
  66  5:04  Zealot x2  
  74  5:16  Phoenix  
  74  5:26  Phoenix  
  78  5:32  Nexus  
  78  5:34  Pylon  
  76  5:37  Phoenix  
  76  5:40  Stalker  
  76  5:41  Zealot  
  80  5:43  Shield Battery  
Show
View Real Time Build Order
Export as new Build Order

Solar Zerg - Winner!

Build Orders: Hatch First 

Get SALT Encoding   

  12  0:01  Drone  
  13  0:12  Overlord  
  13  0:16  Drone  
  14  0:31  Drone x2  
  16  0:47  Hatchery  
  15  0:50  Drone  
  15  0:54  Drone  
  18  0:57  Drone  
  18  1:08  Extractor  
  17  1:12  Spawning Pool  
  17  1:16  Drone  
  17  1:18  Drone  
  18  1:28  Drone  
  19  1:38  Drone  
  20  1:51  Overlord  
  20  1:59  Queen x2  
  20  2:00  Zergling x4  
  26  2:10  Drone  
  26  2:12  Drone  
  26  2:13  Metabolic Boost  
  28  2:23  Drone x2  
  30  2:32  Hatchery  
  30  2:35  Drone  
  30  2:41  Queen  
  32  2:48  Overlord  
  32  2:51  Drone  
  32  2:52  Drone  
  32  2:57  Drone x2  
  36  3:09  Drone  
  36  3:10  Drone x3  
  36  3:12  Drone x3  
  43  3:15  Overlord  
  43  3:19  Zergling x2  
  44  3:27  Overlord  
  43  3:35  Drone x2  
  45  3:43  Drone x2, Roach Warren  
  45  3:44  Zergling x2  
  45  3:45  Zergling x4  
  49  3:50  Extractor, Overlord  
  49  3:52  Drone x3  
  51  3:55  Overlord  
  51  3:56  Drone  
  51  3:59  Zergling x2  
  53  4:06  Overlord x2  
  53  4:14  Zergling x4  
  53  4:15  Drone  
  53  4:16  Drone  
  57  4:19  Drone, Overlord  
  57  4:21  Drone  
  59  4:25  Roach x2  
  59  4:26  Roach x3  
  59  4:30  Roach x2  
  73  4:33  Spine Crawler  
  73  4:36  Overlord  
  72  4:45  Zergling x6  
  76  4:48  Lair  
  76  4:52  Extractor, Drone x7  
  82  4:57  Zergling x2  
  82  4:58  Zergling x6  
  86  5:00  Overlord  
  86  5:05  Drone  
  87  5:07  Extractor  
  87  5:12  Overlord  
  87  5:13  Drone  
  86  5:15  Spore Crawler  
  85  5:21  Ravager  
  85  5:22  Ravager x2  
  85  5:25  Drone x2  
  85  5:26  Zergling x8  
  94  5:28  Overlord  
  94  5:31  Zergling x8  
  94  5:33  Spore Crawler  
  97  5:36  Overlord  
  97  5:39  Drone  
  97  5:40  Drone  
  97  5:44  Drone  
  97  5:46  Drone  
  97  5:48  Drone x2  
  97  5:49  Drone  
  99  5:50  Drone  
  99  5:51  Drone  
  99  5:55  Hydralisk Den  
  99  5:56  Extractor  
  92  5:57  Spore Crawler  
  92  5:59  Extractor  
Tags
 
Add a new tag
Caveats
  • Supply blocks, unpowered buildings, or Contaminate may cause inaccurate times.
  • Supply counts are checked every 10 seconds.